 Dungeon Sprint DCSS version 0.31-a0-1099-g7fa767f3fe (webtiles) character file.

Game seed: 12614912479035878026

10592 Revguard the Basher (level 11, -1/153 HPs)
             Began as a Demonspawn Berserker on Dec 1, 2023.
             Was the Champion of Trog.
             Slain by an orc warrior
             ... wielding a +3 long sword of electrocution
              (14 damage)
             ... in the Dungeon (Sprint V: "Ziggurat Sprint").
             The game lasted 00:07:59 (1073 turns).

Revguard the Basher (Demonspawn Berserker)          Turns: 1073, Time: 00:07:59

Health: -1/153     AC: 32    Str: 31    XL:     11   Next: 38%
Magic:  11/11      EV: 12    Int: 12    God:    Trog [******]
Gold:   0          SH:  0    Dex: 12    Spells: 10/10 levels left

rFire   + + .        z - +7 great mace "Firestarter" {flame, immolate, rFlCloud rF++}
rCold   . . .        (shield currently unavailable)
rNeg    + . .        y - +15 Maxwell's patent armour {-Cast -Tele rElec Will+ rCorr}
rPois   +            (no helmet)
rElec   +            (no cloak)
rCorr   +            (gloves unavailable)
SInv    .            (no boots)
Will    +++++        A - amulet of Day {rN+ Regen+ Str+3} Stlth
                     w - +6 ring of strength
HPRegen 2.25/turn    b - ring "Epynnaf" {rPois Will++ Int+4}
MPRegen 0.24/turn

%: no teleportation, no spellcasting, random rage (3%)
@: berserking, lethally poisoned (-1 -> -3), strong-willed, regenerating, very
quick
A: claws 3, rugged brown scales 2, magic regeneration, berserk 1
a: Renounce Religion, Berserk, Trog's Hand, Brothers in Arms


You were in the Dungeon.
You worshipped Trog.
Trog was exalted by your worship.
You visited 1 branch

Inventory:

Hand Weapons
 z - the +7 great mace "Firestarter" (weapon) {flame, immolate, rFlCloud rF++}
   (You found it in the Dungeon)

   rFlCloud:  It grants immunity to clouds of flame.
   rF++:      It greatly protects you from fire.
Armour
 y - the +15 Maxwell's patent armour (worn) {-Cast -Tele rElec Will+ rCorr}
   (You found it in the Dungeon)

   rElec:     It insulates you from electricity.
   Will+:     It increases your willpower.
   -Cast:     It prevents spellcasting.
   -Tele:     It prevents most forms of teleportation.
   rCorr:     It protects you from acid and corrosion.
Jewellery
 b - the ring "Epynnaf" (right claw) {rPois Will++ Int+4}
   (You found it in the Dungeon)

   [ring of poison resistance]

   Int+4:     It affects your intelligence (+4).
   rPois:     It protects you from poison Will++: It greatly increases your
   willpower.
 s - the ring of Zamoyd {rN+++ rCorr MP+9 Slay-4 SInv}
   (You found it in the Dungeon)

   [ring of magical power]

   Slay-4:    It affects your accuracy & damage with ranged weapons and melee
   (-4).
   rN+++:     It renders you almost immune to negative energy.
   MP+9:      It affects your magic capacity (+9).
   SInv:      It lets you see invisible.
   rCorr:     It protects you from acid and corrosion.
 t - a ring of protection from cold
 u - a ring of protection from fire
 w - a +6 ring of strength (left claw)
 x - a +6 ring of strength
 A - the amulet of Day (around neck) {rN+ Regen+ Str+3}
   (You acquired it in the Dungeon)

   [amulet of regeneration]

   Str+3:     It affects your strength (+3).
   rN+:       It protects you from negative energy.
   Regen+:    It increases your rate of health regeneration.
Wands
 a - a wand of charming (11)
 k - a wand of flame (31)
 p - a wand of mindburst (15)
 q - a wand of quicksilver (7)
 v - a wand of roots (9)
Scrolls
 h - 4 scrolls of blinking
 m - 7 scrolls of fog
 n - 5 scrolls of identify
 o - 2 scrolls of fear
 r - 4 scrolls of enchant armour
Potions
 c - 10 potions of curing
 d - 18 potions of heal wounds
 e - 6 potions of haste
 f - 7 potions of magic
 g - 3 potions of berserk rage
 i - 2 potions of invisibility
 j - 4 potions of resistance
 l - 5 potions of might


   Skills:
 + Level 13.4 Fighting
 + Level 14.7 Maces & Flails
 + Level 12.0 Armour
 + Level 12.0 Dodging
 + Level 12.8 Evocations


You had 10 spell levels left.
You didn't know any spells.
Your spell library was empty.

Dungeon Overview and Level Annotations

Branches:
Dungeon (1/1)

Altars:
Ashenzari
Cheibriados
Dithmenos
Fedhas
Gozag
Hepliaklqana
Kikubaaqudgha
Makhleb
Nemelex Xobeh
Okawaru
Qazlal
Ru
Sif Muna
Trog
Uskayaw
Vehumet
Wu Jian
Xom
Yredelemnul
Jiyva
Lugonu

Annotations:
D 1 transporter


Innate Abilities, Weirdness & Mutations

You have claws for hands.
You are mostly covered in rugged brown scales. (AC +2, +5% HP)
You regenerate magic rapidly.
You sometimes lose your temper in combat.


Message History

Your cyclops hits the orc warrior!
Your Armour skill increases to level 12!
Your Dodging skill increases to level 12!
You bludgeon the orc warrior!! You burn the orc warrior!
You kill the orc warrior!
Trog accepts your kill.
You feel very sick.
The orc knight hits you with a +2 great mace of venom.
The orc knight closely misses you.
The orc warrior hits your cyclops with a +3 long sword of electrocution!!
Your cyclops dies!
Your cyclops's corpse disappears in a puff of smoke!
The troll bites you but does no damage. The troll completely misses you.
The troll claws you but does no damage.
You barely miss the orc warrior.
You feel sick. The orc warrior closely misses you.
The orc knight hits you but does no damage.
You are more poisoned.
The orc knight hits you with a +0 long sword!
* * * LOW HITPOINT WARNING * * *
The troll bites you but does no damage. The troll barely misses you.
The troll closely misses you.
The orc warlord hits you with a +0 great mace!
* * * LOW HITPOINT WARNING * * *
You bludgeon the orc warrior!! You burn the orc warrior!
You kill the orc warrior!
Trog accepts your kill.
You feel very sick.
Unknown command.
You bludgeon the orc warlord!! You burn the orc warlord.
The orc warlord is filled with an inner flame.
The orc warlord is moderately wounded.
You feel very sick. The orc knight barely misses you.
The orc warlord misses you. The troll bites you but does no damage.
The troll barely misses you. The troll claws you but does no damage.
The orc knight hits you with a +0 long sword!
* * * LOW HITPOINT WARNING * * *
The orc warrior hits you with a +3 long sword of electrocution!
You die...

▓....©....▓...©...▓
▓▓▓▓▓▓▓▓▓▓▓▓▓▓▓▓▓▓▓▓▓
▓...8©8...▓...8©8...▓
▓..:)?):..▓..[.[.|..▓
▓..=["/)..▓...:.:|..▓
▓.........▓.........▓
▓.........▓.........▓
▓...)oo...▓.........▓
▓..)o@T...▓.........▓
▓..§o§....▓.▓..)..▓.▓
▓.▓§.§..▓.▓....©....▓
▓....©....▓▓▓▓▓▓▓▓▓▓▓
▓▓▓▓▓▓▓▓▓▓▓


You could see an orc warlord (inner flame, strong), 2 orc knights, a troll and
an orc warrior (strong).

Vanquished Creatures
  A vault warden (D)
  An ironbound preserver (D)
  2 vault guards (D)
  A fire crab (shapeshifter) (D)
  A lindwurm (D)
  2 cyclopes (D)
  2 ugly things (D)
  A vault sentinel (D)
  3 yaktaurs (D)
  A yaktaur (shapeshifter) (D)
  A wind drake (D)
  3 guardian mummies (D)
  3 merfolk (D)
  A fire elemental (D)
  A steam dragon (shapeshifter) (D)
  A neqoxec (D)
  3 hell hounds (D)
  3 orc warriors (D)
  3 centaurs (D)
  2 phantoms (D)
  A wight (D)
  2 quasits (D)
  An orc priest (D)
  8 mummies (D)
  An ufetubus (D)
  2 adder zombies (D)
  A bat skeleton (D)
  A bat zombie (D)
  A ball python zombie (D)
  A quokka zombie (D)
55 creatures vanquished.

Vanquished Creatures (collateral kills)
  2 merfolk (D)
  A wind drake (D)
  An ogre (D)
4 creatures vanquished.

Grand Total: 59 creatures vanquished

Notes
Turn   | Place    | Note
-------+----------+-------------------------------------------
     0 | D        | Revguard the Demonspawn Berserker began the quest for the
                  | Orb.
     0 | D        | Reached XP level 1. HP: 18/18 MP: 1/1
     0 | D        | Found a shimmering blue altar of Sif Muna.
     0 | D        | Found a bloodstained altar of Trog.
     0 | D        | Found a sacrificial altar of Ru.
     0 | D        | Found a stormy altar of Qazlal.
     0 | D        | Found an iron altar of Okawaru.
     1 | D        | Found a sparkling altar of Nemelex Xobeh.
     1 | D        | Found a blossoming altar of Fedhas.
     1 | D        | Found the +6 Majin-Bo {spellvamp, MP+6 Int+6}
     1 | D        | Found the +27 heavy crossbow "Sniper" {heavy, Acc+∞ SInv}
     1 | D        | Found the +10 dark maul {heavy}
     1 | D        | Found the +15 Maxwell's patent armour {-Cast -Tele rElec
                  | Will+ rCorr}
     1 | D        | Found the +18 shield of the Gong {Loud rN+ Will+ rCorr
                  | EV-5}
     1 | D        | Found the +16 obsidian axe {drain, demonic, Mesm Drain Fly
                  | SInv}
     1 | D        | Found the +7 great mace "Firestarter" {flame, immolate,
                  | rFlCloud rF++}
     1 | D        | Found the +6 shillelagh "Devastator" {shatter}
     1 | D        | Found the +11 plutonium sword {Contam Stlth-}
     1 | D        | Found the +8 lance "Wyrmbane" {slay drac, rPois rF+ rC+
                  | AC+3}
     1 | D        | Found the +9 sword of Zonguldrok {reap}
     1 | D        | Found the +13 scythe of Curses {drain, curses, Drain}
     1 | D        | Found the +9 sword of Power {lifebolt}
     1 | D        | Found the +7 mace of Variability {chaos, chaos arc}
     1 | D        | Found the +11 Singing Sword {sonic wave}
     1 | D        | Found the +8 storm bow {elec, penet}
     3 | D        | Found a transporter.
     3 | D        | Found an ancient bone altar of Kikubaaqudgha.
     3 | D        | Found a viscous altar of Jiyva.
     3 | D        | Found a corrupted altar of Lugonu.
     3 | D        | Found a hazy altar of Hepliaklqana.
     3 | D        | Found a burning altar of Makhleb.
     3 | D        | Found an opulent altar of Gozag.
    48 | D        | Reached skill level 4 in Maces & Flails
    48 | D        | Gained mutation: You have sharp fingernails. [demonic
                  | ancestry]
    48 | D        | Reached XP level 2. HP: 26/26 MP: 2/2
    49 | D        | Entered arena 2.
    49 | D        | Noticed a hell hound
    49 | D        | Noticed a fire elemental
    49 | D        | Found a transporter.
    51 | D        | Killed a hell hound
    52 | D        | Reached skill level 5 in Fighting
    52 | D        | Reached skill level 5 in Maces & Flails
    52 | D        | Reached XP level 3. HP: 28/34 MP: 3/3
    52 | D        | Gained mutation: You have very sharp fingernails. [demonic
                  | ancestry]
    52 | D        | Reached XP level 4. HP: 33/40 MP: 4/4
    55 | D        | Killed a fire elemental
    56 | D        | Reached skill level 6 in Maces & Flails
    56 | D        | Reached skill level 5 in Armour
    56 | D        | Reached skill level 5 in Dodging
    56 | D        | Reached skill level 5 in Evocations
    56 | D        | Reached XP level 5. HP: 38/47 MP: 5/5
    91 | D        | Entered arena 3.
    91 | D        | Noticed a hell hound
    91 | D        | Found a transporter.
    95 | D        | Killed a hell hound
    95 | D        | Reached ** piety under Trog
    96 | D        | Reached skill level 7 in Maces & Flails
    96 | D        | Reached XP level 6. HP: 43/55 MP: 6/6
   146 | D        | Entered arena 4.
   146 | D        | Noticed a hell hound
   146 | D        | Found a transporter.
   151 | D        | Reached *** piety under Trog
   159 | D        | Killed a hell hound
   160 | D        | Reached skill level 8 in Maces & Flails
   160 | D        | Gained mutation: You have claws for hands. [demonic
                  | ancestry]
   160 | D        | Reached XP level 7. HP: 37/61 MP: 7/7
   163 | D        | Got the ring "Epynnaf" {rPois Will++ Int+4}
   242 | D        | Entered arena 5.
   242 | D        | Found a transporter.
   245 | D        | Reached **** piety under Trog
   290 | D        | Entered arena 6.
   290 | D        | Noticed a guardian mummy
   290 | D        | Found a transporter.
   293 | D        | Reached ***** piety under Trog
   294 | D        | Reached skill level 9 in Maces & Flails
   294 | D        | Killed a guardian mummy
   339 | D        | Entered arena 7.
   339 | D        | Noticed a lindwurm
   339 | D        | Noticed a vault guard
   339 | D        | Noticed a vault warden
   339 | D        | Noticed a vault guard
   339 | D        | Noticed an ironbound preserver
   339 | D        | Noticed a vault sentinel
   340 | D        | Found a transporter.
   349 | D        | Killed an ironbound preserver
   350 | D        | Reached skill level 10 in Maces & Flails
   350 | D        | Gained mutation: You regenerate magic rapidly. [demonic
                  | ancestry]
   350 | D        | Reached XP level 8. HP: 16/72 MP: 8/8
   350 | D        | Killed a vault warden
   350 | D        | Received a gift from Trog
   350 | D        | Killed a lindwurm
   350 | D        | HP: 4/108 [vault guard/+0 glaive (4)]
   351 | D        | Reached skill level 10 in Fighting
   351 | D        | Reached skill level 12 in Maces & Flails
   351 | D        | Reached skill level 10 in Evocations
   351 | D        | Gained mutation: You are partially covered in rugged brown
                  | scales. (AC +1, +3% HP) [demonic ancestry]
   351 | D        | Reached XP level 9. HP: 4/81 MP: 9/9
   352 | D        | Killed a vault guard
   354 | D        | Killed a vault guard
   355 | D        | Reached skill level 13 in Maces & Flails
   355 | D        | Reached skill level 10 in Armour
   355 | D        | Reached skill level 10 in Dodging
   355 | D        | Reached XP level 10. HP: 5/90 MP: 10/10
   358 | D        | Killed a vault sentinel
   368 | D        | Got the ring of Zamoyd {rN+++ rCorr MP+9 Slay-4 SInv}
   515 | D        | Entered arena 8.
   515 | D        | Noticed a green ugly thing
   515 | D        | Noticed a cane toad
   515 | D        | Noticed a white ugly thing
   515 | D        | Noticed a cane toad
   515 | D        | a cane toad changed into a yaktaur
   516 | D        | Found a transporter.
   516 | D        | a cane toad changed into a fire crab
   516 | D        | Noticed a fire crab (shapeshifter)
   519 | D        | Killed a white ugly thing
   520 | D        | Killed a green ugly thing
   524 | D        | Gained mutation: You sometimes lose your temper in combat.
                  | [a neqoxec]
   530 | D        | Killed a fire crab
   534 | D        | Received a gift from Trog
   668 | D        | Entered arena 9.
   668 | D        | Noticed a cyclops
   669 | D        | Found a transporter.
   673 | D        | Reached ****** piety under Trog
   679 | D        | Reached skill level 14 in Maces & Flails
   684 | D        | Received a gift from Trog
   684 | D        | Killed a cyclops
   685 | D        | Gained mutation: You are mostly covered in rugged brown
                  | scales. (AC +2, +5% HP) [demonic ancestry]
   685 | D        | Reached XP level 11. HP: 45/100 MP: 11/11
   904 | D        | Entered arena 10.
   905 | D        | Found a transporter.
   919 | D        | Received a gift from Trog
   944 | D        | Entered arena 11.
   948 | D        | Found a transporter.
   956 | D        | Identified the +9 glaive of Lust {heavy, Will++ SInv} (Trog
                  | gifted it to you in the Dungeon)
   956 | D        | Received a gift from Trog
   979 | D        | Acquired the amulet of Day {rN+ Regen+ Str+3}
  1059 | D        | Entered arena 12.
  1059 | D        | Noticed an orc warlord
  1059 | D        | Noticed an orc knight
  1060 | D        | Noticed an orc knight
  1061 | D        | Found a transporter.
  1073 | D        | Slain by an orc warrior

Illustrated notes

Levels and vault maps discovered:
D:        sprint_v [room_start, room_1, room_2, room_3, room_4, room_5, room_6,
          room_7, room_8, room_9, room_10, room_11, room_12, room_13, room_14,
          room_15, room_16, room_17, room_18, room_19, room_20, room_21,
          room_22, room_23, room_24, room_25, room_26, room_27]

Skill      XL: |  1  2  3  4  5  6  7  8  9 10 11 |
---------------+----------------------------------+-----
Fighting       | 4 5 6 7 9 10 11 12 13 | 13.4
Maces & Flails | 4 5 6 7 8 10 12 13 14 | 14.7
Armour         | 3 4 5 6 8 9 10 11 12 | 12.0
Dodging        | 3 4 5 6 8 9 10 11 12 | 12.0
Evocations     | 2 4 5 6 8 10 12 | 12.8

Action                     |  1- 3 |  4- 6 |  7- 9 | 10-12 || total
---------------------------+-------+-------+-------+-------++-------
  Melee: Great mace        |     1 |    22 |    17 |    58 ||    98
 Invoke: Berserk           |       |       |     1 |     3 ||     4
         Trog's Hand       |       |       |     1 |     3 ||     4
         Brothers in Arms  |       |       |     1 |     2 ||     3
    Use: Potion            |     1 |       |       |       ||     1
         Scroll            |       |       |       |     1 ||     1
 Armour: Plate armour      |     6 |    70 |    28 |   142 ||   246
  Dodge: Dodged            |     2 |    44 |    10 |    87 ||   143

Table legend: (Time is in decaauts)
 A = Elapsed time spent in this place.
 B = Non-inter-level travel time spent in this place.
 C = Inter-level travel time spent in this place.
 D = Time resting spent in this place.
 E = Time spent auto-exploring this place.
 F = Levels seen in this place.
 G = Mean time per level.
                   A        B        C        D        E       F      G
               +--------+--------+--------+--------+--------+-----+--------+
         Total |   1112 |   1112 |      0 |    738 |      0 |   1 | 1112.0 |
       Dungeon |   1112 |   1112 |      0 |    738 |      0 |   1 | 1112.0 |
               +--------+--------+--------+--------+--------+-----+--------+

Top non-repeatable levels by time:
       D: 1112 daAuts
